 Dungeon Crawl Stone Soup version 0.19-a0-1682-g5114f93 (webtiles) character file.

26 MistressOfTheDunes the Insei (level 2, 0/24 HPs)
             Began as a Mummy Monk on Sept 24, 2016.
             Slain by an adder (3 damage)
             ... on level 1 of the Dungeon.
             The game lasted 00:01:05 (872 turns).

MistressOfTheDunes the Insei (Mummy Monk)            Turns: 872, Time: 00:01:05

Health: 0/24       AC:  1    Str: 14    XL:     2   Next: 89%
Magic:  2/2        EV: 13    Int:  9    God:
Gold:   7          SH:  0    Dex: 14    Spells: 0 memorised, 1 level left

rFire  x . .     SeeInvis .       - Unarmed
rCold  + . .     Gourm    .     (no armour)
rNeg   + + +     Faith    .     (no shield)
rPois  ∞         Spirit   .     (no helmet)
rElec  .         Dismiss  .     (no cloak)
rCorr  .         Reflect  .     (no gloves)
MR     .....     Harm     .     (no boots)
Stlth  ++........               (no amulet)
                                (no ring)
                                (no ring)

@: no status effects
A: no food or potions, fire vulnerability, cold resistance 1, negative energy
resistance 3, torment resistance, unbreathing
a: no special abilities


You were on level 1 of the Dungeon.
You were not hungry.

You visited 1 branch of the dungeon, and saw 1 of its levels.

You collected 7 gold pieces.


Innate Abilities, Weirdness & Mutations

You do not eat or drink.
Your flesh is vulnerable to fire.
You are immune to poison.
Your flesh is cold resistant. (rC+)
You are immune to negative energy. (rN+++)
You are immune to unholy pain and torment.
You can survive without breathing.


   Skills:
 - Level 3.0 Fighting
 - Level 2.4 Dodging
 - Level 1.5 Stealth
 + Level 3.4 Unarmed Combat


You had one spell level left.
You didn't know any spells.

Inventory:

Armour
 b - a +0 shield
Scrolls
 a - 2 scrolls of enchant weapon {unknown}
 c - a scroll of remove curse {unknown}
 d - a scroll of immolation {unknown}

Dungeon Overview and Level Annotations

Branches:
Dungeon (1/15)

Altars:
Okawaru

▒......'.......
▒......▒▒▒▒▒▒▒▒▒
▒▒▒'▒▒▒........▒ ▒.▒
▒.▒▒▒▒▒▒.▒ ▒.▒ ▒.▒....▒.▒.▒
▒▒ ▒.▒▒▒.▒.▒▒.▒.▒.▒ ..
▒.▒).........▒.▒▒▒▒▒
▒▒▒▒.▒▒▒.▒.▒.▒....▒.▒.▒...
....)....▒M▒.▒....▒.▒.▒.▒▒+
▒▒▒▒.▒▒..▒S▒.▒....▒.....▒..
.......(.S.........>...▒..
▒▒▒...▒(▒.▒.▒▒▒..▒.....▒..
▒....▒...▒.▒▒▒..▒.....▒..
+........▒......▒.....▒).
▒£..▒▒...▒▒▒▒▒.........▒'
▒. .....
.............▒..▒.▒. ..
.... .▒.▒.................


You could see an adder and a ball python.


Message History

You completely miss the kobold! The kobold misses you!
You pulverise the kobold!
The kobold is moderately wounded!
The kobold hits you but does no damage!
You barely miss the kobold!
The kobold is moderately wounded!
The kobold hits you! * * * don't die
* * * You pulverise the kobold!
The kobold is heavily wounded!
The kobold hits you but does no damage!
You pummel the kobold like a punching bag!
The kobold is severely wounded!
The kobold barely misses you!
You pulverise the kobold!
You annihilate the kobold!!!
You barely miss the adder! The adder bites you! * * * don't die
* * * You squash the adder but do no damage!
The adder bites you! * * * don't die
* * * The adder bites you! * * * don't die
* * * You miss the adder!
The adder misses you!
You pummel the adder but do no damage! Your punch misses the adder!
The adder misses you!
You pummel the adder but do no damage! The adder closely misses you!
You pulverise the adder!
The adder is heavily wounded!
The adder bites you! rip

Action                   || total
-------------------------++-------
Melee: Unarmed           ||    91
       Punch             ||     1
 Stab: Sleeping          ||     1
Armor: Skin              ||     3
Dodge: Dodged            ||    58

Vault maps used:
D:1:      matt_arrival_grand_opening, okawaru_ov_weapons_minmay

Notes
Turn   | Place    | Note
-------+----------+-------------------------------------------
     0 | D:1      | MistressOfTheDunes the Mummy Monk began the quest for the Orb.
     0 | D:1      | Reached XP level 1. HP: 18/18 MP: 1/1
   284 | D:1      | Reached XP level 2. HP: 24/24 MP: 2/2
   341 | D:1      | Found an iron altar of Okawaru.
   343 | D:1      | Reached skill level 3 in Unarmed Combat
   868 | D:1      | HP: 2/24 [adder (3)]
   872 | D:1      | Slain by an adder

Vanquished Creatures
  2 dart slugs (D:1)
  A leopard gecko (D:1)
  A ball python (D:1)
  A giant cockroach (D:1)
  2 goblins (D:1)
  2 hobgoblins (D:1)
  4 jackals (D:1)
  2 kobolds (D:1)
  3 rats (D:1)
18 creatures vanquished.
